 Dungeon Crawl Stone Soup version 0.29.0-11-gd7f09526c8 (webtiles) character file.

Game seed: 11891760939578122371

28 gelatine the Vexing (level 2, 0/21 HPs)
             Began as a Demonspawn Arcane Marksman on Sept 2, 2022.
             Was an Initiate of Gozag.
             Slain by an adder (2 damage)
             ... on level 2 of the Dungeon.
             The game lasted 00:04:03 (1135 turns).

gelatine the Vexing (Demonspawn Arcane Marksman)    Turns: 1135, Time: 00:04:03

Health: 0/21       AC:  2    Str: 10    XL:     2   Next: 96%
Magic:  2/4        EV: 12    Int: 14    God:    Gozag
Gold:   142        SH:  0    Dex: 13    Spells: 2/3 levels left

rFire   . . .      SeeInvis .   a - +1 sling
rCold   . . .      Faith    .   (no shield)
rNeg    . . .      Spirit   .   c - +0 robe
rPois   .          Reflect  .   (helmet restricted)
rElec   .          Harm     .   (no cloak)
rCorr   .          Rampage  .   (no gloves)
Will    .....                   (no boots)
Stlth   +.........              (no amulet)
HPRegen 0.07/turn               (no ring)
MPRegen 0.09/turn               (no ring)

@: no status effects
A: horns 1
a: Renounce Religion, Potion Petition, Call Merchant, Bribe Branch


You were on level 2 of the Dungeon.
You worshipped Gozag.
Gozag was aware of your devotion.
You visited 1 branch of the dungeon, and saw 2 of its levels.

You collected 142 gold pieces.

Inventory:

Hand Weapons
 a - a +1 sling (weapon)
 e - a +1 dagger of venom
Missiles
 i - 5 curare-tipped darts
Armour
 c - a +0 robe (worn)
Scrolls
 b - a scroll of poison
 d - a scroll of silence {unknown}
 f - a scroll of teleportation {unknown}
 g - a scroll of identify {unknown}
 j - a scroll of immolation {unknown}


   Skills:
 * Level 1.1 Fighting
 * Level 2.4 Ranged Weapons
 * Level 1.9 Dodging
 * Level 0.2 Stealth
 * Level 1.3 Spellcasting
 * Level 3.3 Hexes


You had 2 spell levels left.
You knew the following spells:

 Your Spells              Type           Power      Damage    Failure   Level
a - Slow                  Hex            40%        N/A       7%          1

Your spell library contained the following spells:

 Spells                   Type           Power      Damage    Failure   Level
 Apportation              Tloc           0%         N/A       26%         1
 Beastly Appendage        Tmut           0%         N/A       26%         1
 Freeze                   Ice            0%         1d3       26%         1
 Necrotise                Necr           0%         1d4       26%         1
 Shock                    Conj/Air       0%         1d3       26%         1
 Summon Small Mammal      Summ           0%         N/A       26%         1
 Inner Flame              Hex/Fire       5%         N/A       36%         3
 Portal Projectile        Hex/Tloc       10%        N/A       36%         3
 Cause Fear               Hex            5%         N/A       54%         4


Dungeon Overview and Level Annotations

Branches:
Dungeon (2/15)

Altars:
Gozag


Innate Abilities, Weirdness & Mutations

You have a pair of small horns on your head.


Message History

The adder is distracted by your dazzling golden aura.
You now have 142 gold pieces (gained 9).
You start resting.
An adder is nearby!
Casting: Slow (safe; 7% risk of failure)
Confirm with . or Enter, or press ? or * to list all spells.
Aiming: Slow (safe; 7% risk of failure)
Press: ? - help, Shift-Dir - straight line, f/p - adder
Aim: an adder (lightly wounded, wandering, hasn't noticed you, chance to affect: 57%)
The adder hisses angrily.
The adder resists with significant effort.
Casting: Slow (safe; 7% risk of failure)
Confirm with . or Enter, or press ? or * to list all spells.
Aiming: Slow (safe; 7% risk of failure)
Press: ? - help, Shift-Dir - straight line, f/p - adder
Aim: an adder (lightly wounded, chance to affect: 57%)
The adder resists with significant effort.
Casting: Slow (safe; 7% risk of failure)
Confirm with . or Enter, or press ? or * to list all spells.
You don't have enough magic to cast this spell.
Unknown command.
You are too injured to fight recklessly!
You are too injured to fight recklessly!
It was a potion of curing.
You feel better. The adder bites you. x2
The adder attacks as you move away! The adder barely misses you.
The adder barely misses you. The adder barely misses you.
The adder closely misses you. The adder bites you.
You are poisoned.
The adder poisons you!
You feel sick. The adder attacks as you move away! The adder barely misses you.
You feel sick.
You feel sick.
You feel sick. The adder closely misses you.
You feel sick.
You are no longer poisoned.
The adder attacks as you move away! The adder bites you.
You die...
Your body crumbles into a pile of gold.

.....### ##.# ..##.#.##
#+# #..# ..##..#.## #.#
#.## .....###.#
#.#########.# .###..#.##
##.........<.# .###.#.##
##...#######..# .S...#.#
###.............#
######.###.##............#
#....#....S@........#
#####.###...........# ###
#(.........## #..........#
#.#.......## #.#########
#.# #.#


You could see an adder.

Vanquished Creatures
  An adder (D:2)
  2 endoplasms (D:1)
  A giant cockroach (D:1)
  2 hobgoblins (D:1)
  A quokka (D:1)
  5 bats
  A frilled lizard (D:2)
  2 kobolds (D:1)
  4 rats (D:1)
19 creatures vanquished.

Notes
Turn   | Place    | Note
-------+----------+-------------------------------------------
     0 | D:1      | gelatine the Demonspawn Arcane Marksman began the quest for
                  | the Orb.
     0 | D:1      | Reached XP level 1. HP: 15/15 MP: 2/2
    75 | D:1      | Found a faded altar of an unknown god.
    84 | D:1      | Got Plato's Omnibus of Metamorphosis
    85 | D:1      | Prayed at the altar of an unknown god.
    85 | D:1      | Became a worshipper of Gozag Ym Sagoz the Greedy
   332 | D:1      | Gained mutation: You have a pair of small horns on your
                  | head. [demonic ancestry]
   332 | D:1      | Reached XP level 2. HP: 21/21 MP: 1/3
   684 | D:1      | Got An Introduction to Spellcraft
  1135 | D:2      | Slain by an adder

Illustrated notes

Levels and vault maps discovered:
D:1:      dpeg_arrival_simpleton_b, layout_basic,
          shapermc_ecumenical_altar_rom_forum
D:2:      layout_loops_corners

Skill      XL: |  1  2 |
---------------+-------+-----
Ranged Weapons | 2 |  2.4
Fighting       | |  1.1
Dodging        | |  1.9
Stealth        | |  0.2
Spellcasting   | |  1.3
Hexes          | |  3.3

Action                   || total
-------------------------++-------
 Fire: Sling             ||    77
 Cast: Slow              ||    21
  Use: Potion            ||     1
Armor: Robe              ||    15
Dodge: Dodged            ||    31
